 Dungeon Crawl Stone Soup version 0.25-a0-1007-g10a8c3caa8 (webtiles) character file.

Game seed: 5013039942395594856, levelgen mode: deterministic

93 Hasart the Skirmisher (level 4, -1/35 HPs)
             Began as a Mummy Fighter on May 11, 2020.
             Slain by a gnoll
             ... wielding a +0 halberd
              (10 damage)
             ... on level 3 of the Dungeon.
             The game lasted 00:02:36 (2504 turns).

Hasart the Skirmisher (Mummy Fighter)               Turns: 2504, Time: 00:02:37

Health: -1/35      AC:  6    Str: 20    XL:     4   Next: 37%
Magic:  4/4        EV:  7    Int:  7    God:
Gold:   95         SH:  9    Dex: 11    Spells: 3/3 levels left

rFire    x . .     SeeInvis .   j - +0 dagger (elec)
rCold    + . .     Gourm    .   c - +0 kite shield
rNeg     + + +     Faith    .   b - +0 scale mail
rPois    ∞         Spirit   .   (no helmet)
rElec    .         Reflect  .   (no cloak)
rCorr    .         Harm     .   (no gloves)
MR       .....                  (no boots)
Stlth    ..........             (no amulet)
HPRegen  0.11/turn              (no ring)
MPRegen  0.09/turn              (no ring)

@: no status effects
A: no food or potions, fire vulnerability, cold resistance 1, negative energy
resistance 3, torment resistance, unbreathing
a: no special abilities


You were on level 3 of the Dungeon.
You were not hungry.

You visited 1 branch of the dungeon, and saw 3 of its levels.

You collected 95 gold pieces.

Inventory:

Hand Weapons
 a - a +0 long sword
 j - a +0 dagger of electrocution (weapon)
Armour
 b - a +0 scale mail (worn)
 c - a +0 kite shield (worn)
Jewellery
 d - an uncursed amulet of magic regeneration {unknown}
Scrolls
 e - 2 scrolls of teleportation {unknown}
 f - 2 scrolls of identify {unknown}
 g - 3 scrolls of remove curse {unknown}
 h - 2 scrolls of random uselessness {unknown}
 i - a scroll of enchant weapon {unknown}


   Skills:
 + Level 3.4 Fighting
 * Level 2.5 Long Blades
 + Level 2.8 Armour
 + Level 1.0 Dodging
 + Level 2.8 Shields


You had 3 spell levels left.
You didn't know any spells.
Your spell library was empty.

Dungeon Overview and Level Annotations

Branches:
Dungeon (3/15)

Altars:
Fedhas
Qazlal
Sif Muna
Trog


Innate Abilities, Weirdness & Mutations

You do not eat or drink.
Your flesh is vulnerable to fire.
You are immune to poison.
Your flesh is cold resistant. (rC+)
You are immune to negative energy. (rN+++)
You are immune to unholy pain and torment.
You can survive without breathing.


Message History

You hit the orc.
You kill the orc!
The orc barely misses you.
You hit the orc. Lightning courses through the orc!!
You kill the orc!
The gnoll hits you from afar with a +0 halberd.
You block the gnoll's attack.
The gnoll hits you from afar with a +0 halberd!
You hit the gnoll.
The gnoll is moderately wounded.
You hear the slow rusting of a distant drain.
The gnoll hits you but does no damage. The gnoll closely misses you.
The gnoll hits you from afar with a +0 halberd.
The gnoll hits you. The gnoll barely misses you.
You hit the gnoll but do no damage. Lightning courses through the gnoll!
The gnoll is almost dead.
The gnoll hits you.
* * * LOW HITPOINT WARNING * * *
The gnoll hits you from afar with a +0 halberd!
You die...

############################
#..........@gg.gg...........
#.##########################
#.# #.. #.# #.# #.#
#####.###### #..........#
#.###.####.# #.# #.#


You could see 3 gnolls and a hobgoblin.

Vanquished Creatures
  4 adders (D:2)
  2 oozes
  A worm (D:2)
  2 leopard geckos
  2 orcs (D:3)
  A ball python (D:1)
  3 goblins
  4 hobgoblins
  5 jackals
  3 kobolds
  2 quokkas
  4 bats
  6 frilled lizards
  5 rats
44 creatures vanquished.

Notes
Turn   | Place    | Note
-------+----------+-------------------------------------------
     0 | D:1      | Hasart the Mummy Fighter began the quest for the Orb.
     0 | D:1      | Reached XP level 1. HP: 18/18 MP: 1/1
   293 | D:1      | Reached XP level 2. HP: 24/24 MP: 2/2
  1053 | D:2      | Found a stormy altar of Qazlal.
  1309 | D:2      | Reached XP level 3. HP: 16/29 MP: 3/3
  1777 | D:2      | Reached skill level 1 in Dodging
  1777 | D:2      | Reached XP level 4. HP: 23/35 MP: 4/4
  2027 | D:2      | Found a blossoming altar of Fedhas.
  2197 | D:2      | Found a bloodstained altar of Trog.
  2456 | D:3      | Found a shimmering blue altar of Sif Muna.
  2504 | D:3      | Slain by a gnoll

Illustrated notes

Levels and vault maps discovered:
D:1:      dpeg_arrival_water_fire, layout_basic, minmay_misc_feat_cross,
          hex_large
D:2:      layout_loops_ring, lightli_temple_of_fire, overflow_temple_1_default,
          first_ration, grunt_qazlal_clouds
D:3:      layout_basic, old_standard_altar, cheibrodos_sewer_entry_bend,
          minmay_misc_feat_diagonals

Skill      XL: |  1  2  3 |
---------------+----------+-----
Long Blades    | 2 |  2.5
Dodging        | 1 |  1.0
Fighting       | |  3.4
Armour         | |  2.8
Shields        | |  2.8

Action                   |  1- 3 |  4- 6 || total
-------------------------+-------+-------++-------
Melee: Long sword        |   135 |    26 ||   161
       Dagger            |       |    12 ||    12
Armor: Scale mail        |    56 |    34 ||    90
Dodge: Dodged            |    49 |    17 ||    66
Block: Kite shield       |    76 |    29 ||   105
       Rpst.: Long sword |    10 |     4 ||    14

Table legend:
 A = Non-vault XP
 B = Vault XP
 C = Vault XP percentage of total XP
 D = Non-vault monster count
 E = Vault monster count
 F = Vault count percentage of total count
                 A         B        C        D         E       F
            +---------+---------+-------+---------+---------+-------
      Total |     134 |       0 |   0.0 |      44 |       0 |   0.0
            +---------+---------+-------+---------+---------+-------
        D:1 |      29 |       0 |   0.0 |      14 |       0 |   0.0
        D:2 |      88 |       0 |   0.0 |      22 |       0 |   0.0
        D:3 |      17 |       0 |   0.0 |       8 |       0 |   0.0
            +---------+---------+-------+---------+---------+-------
